 Dungeon Crawl Stone Soup version 0.23-a0-448-g1c01f63 (webtiles) character file.

424 argonaut the Twirler (level 6, -2/48 HPs)
             Began as a Demonspawn Gladiator on Nov 19, 2018.
             Slain by an ogre
             ... wielding a +0 giant club
              (19 damage)
             ... on level 4 of the Dungeon.
             The game lasted 00:24:08 (3163 turns).

argonaut the Twirler (Demonspawn Gladiator)         Turns: 3163, Time: 00:24:08

Health: -2/48      AC: 11    Str: 15    XL:     6   Next: 64%
Magic:  6/6        EV:  8    Int:  9    God:
Gold:   229        SH:  0    Dex: 16    Spells: 5/5 levels left

rFire    . . .     SeeInvis .   a - +1 quarterstaff
rCold    . . .     Gourm    .   (shield currently unavailable)
rNeg     . . .     Faith    .   Y - +0 chain mail
rPois    .         Spirit   .   c - +0 helmet
rElec    .         Reflect  .   (no cloak)
rCorr    .         Harm     .   (no gloves)
MR       .....                  (no boots)
Stlth    ..........             (no amulet)
HPRegen  0.16/turn              (no ring)
MPRegen  0.10/turn              (no ring)

@: no status effects
A: hooves 1, thin metallic scales 1, nightstalker 1
a: no special abilities


You were on level 4 of the Dungeon.
You were not hungry.

You visited 1 branch of the dungeon, and saw 4 of its levels.

You collected 229 gold pieces.

Inventory:

Hand Weapons
 a - a +1 quarterstaff (weapon)
 h - a +0 flail
 u - a +0 hunting sling
 v - a +0 war axe
 F - a +0 flail
 G - a +0 short sword
 H - a +0 flail
 K - a +0 flail
 L - a +0 short sword
Missiles
 d - 5 throwing nets (quivered)
 j - 41 poisoned needles
 k - 11 tomahawks
 m - 286 stones
 t - 41 arrows
Armour
 b - a +0 leather armour
 c - a +0 helmet (worn)
 g - a +0 robe
 l - a +0 ring mail
 w - a +0 leather armour
 x - a +0 leather armour
 y - a +0 ring mail
 z - a +0 leather armour
 I - a +0 scale mail
 M - a +0 leather armour
 T - a +0 shield
 W - a +0 leather armour
 Y - a +0 chain mail (worn)
Wands
 P - a wand of iceblast (10)
Scrolls
 e - 2 scrolls of magic mapping {unknown}
 o - 3 scrolls of teleportation
 r - 4 scrolls of remove curse
 s - 2 scrolls of amnesia
 C - a scroll of blinking {unknown}
 D - 2 scrolls of fog {unknown}
 E - a scroll of immolation {unknown}
Potions
 i - a potion of mutation {unknown}
 A - a potion of brilliance {unknown}
 B - 3 potions of cancellation
 J - a potion of flight {unknown}
 Q - 2 potions of resistance {unknown}
 R - a potion of invisibility
 Z - a potion of might {unknown}
Comestibles
 f - 4 rations


   Skills:
 + Level 3.6 Fighting
 + Level 5.1 Staves
 + Level 1.8 Throwing
 + Level 2.1 Armour
 + Level 3.5 Dodging
 + Level 0.5 Stealth


You had 5 spell levels left.
You didn't know any spells.
Your spell library was empty.

Dungeon Overview and Level Annotations

Branches:
Dungeon (4/15)             Temple (0/1) D:4

Altars:
Elyvilon
Qazlal

Annotations:
D:3 1 runed door


Innate Abilities, Weirdness & Mutations

You have large cloven feet.
You are partially covered in thin metallic scales. (AC +2)
You are slightly more attuned to the shadows.


Message History

An ogre is nearby!
You thump the ogre!
The ogre is moderately wounded.
The ogre barely misses you.
You hit the ogre.
The ogre is heavily wounded.
The ogre hits you with a +0 giant club!
Your chain mail prevents you from hitting the ogre.
You kick the ogre, but do no damage.
The ogre is moderately wounded.
The ogre barely misses you.
You thump the ogre! You kick the ogre, but do no damage.
The ogre is severely wounded.
The ogre hits you with a +0 giant club!
* * * LOW HITPOINT WARNING * * *
You are too injured to fight recklessly!
The ogre completely misses you.
There is an escape hatch in the ceiling here.
The ogre hits you with a +0 giant club!!
You die...

##############
#.@..........######
#O##########.......
#.# ##...### #.#
#..#..## #<#
#.###... #.###
#..#..## #...#
##...## ###.# ##.##
#.# #.#


You could see an ogre.

Vanquished Creatures
  A howler monkey (D:4)
  2 orc priests (D:3)
  A centaur skeleton (D:4)
  An iguana (D:3)
  8 gnolls (D:4)
  11 adders
  An ooze (D:1)
  2 dart slugs
  3 leopard geckos
  7 orcs
  4 bats
  3 giant cockroaches
  7 hobgoblins
  A quokka (D:4)
  2 ball pythons
  6 frilled lizards
  12 goblins
  A jackal skeleton (D:4)
  12 kobolds
  A quokka skeleton (D:3)
  10 rats
96 creatures vanquished.

Notes
Turn   | Place    | Note
-------+----------+-------------------------------------------
     0 | D:1      | argonaut the Demonspawn Gladiator began the quest for the
                  | Orb.
     0 | D:1      | Reached XP level 1. HP: 16/16 MP: 1/1
   164 | D:1      | Reached skill level 3 in Staves
   164 | D:1      | Gained mutation: You have large cloven feet. [demonic
                  | ancestry]
   164 | D:1      | Reached XP level 2. HP: 16/22 MP: 2/2
   456 | D:1      | Found a stormy altar of Qazlal.
   755 | D:2      | Gained mutation: You are partially covered in thin metallic
                  | scales. (AC +2) [demonic ancestry]
   755 | D:2      | Reached XP level 3. HP: 27/27 MP: 3/3
   942 | D:2      | Reached XP level 4. HP: 34/34 MP: 4/4
  1363 | D:3      | Reached skill level 1 in Armour
  1370 | D:3      | Reached skill level 4 in Staves
  1370 | D:3      | Reached XP level 5. HP: 14/40 MP: 5/5
  1596 | D:3      | Found a white marble altar of Elyvilon.
  1596 | D:3      | Noticed an angel
  1597 | D:3      | Found a runed door.
  1911 | D:3      | Found a faded altar of an unknown god.
  2461 | D:4      | Gained mutation: You are slightly more attuned to the
                  | shadows. [demonic ancestry]
  2461 | D:4      | Reached XP level 6. HP: 44/47 MP: 6/6
  2874 | D:4      | Found a staircase to the Ecumenical Temple.
  2979 | D:4      | Reached skill level 5 in Staves
  3163 | D:4      | Slain by an ogre

Vault maps used:
D:1:      minmay_arrival_jagged, kennysheep_flooded_box, minmay_tetromino_o2
D:3:      chequers_ecumenical_altar_simple_redux, moated_statue,
          lemuel_angel_altar
D:4:      minmay_temple_entry_slanted

Skill      XL: |  1  2  3  4  5  6 |
---------------+-------------------+-----
Staves         | 3 4 5 |  5.1
Dodging        | 3 |  3.5
Armour         | 1 2 |  2.1
Fighting       | 3 |  3.6
Throwing       | |  1.8
Stealth        | |  0.5

Action                   |  1- 3 |  4- 6 || total
-------------------------+-------+-------++-------
Melee: Quarterstaff      |    98 |   190 ||   288
       Kick              |    15 |    57 ||    72
  Use: Scroll            |       |     6 ||     6
       Potion            |       |     2 ||     2
  Eat: Chunk             |       |     5 ||     5
       Ration            |       |     1 ||     1
Armor: Leather armour    |    25 |       ||    25
       Scale mail        |     7 |    78 ||    85
       Chain mail        |       |     8 ||     8
Dodge: Dodged            |    74 |   128 ||   202

Table legend:
 A = Non-vault XP
 B = Vault XP
 C = Vault XP percentage of total XP
 D = Non-vault monster count
 E = Vault monster count
 F = Vault count percentage of total count
                 A         B        C        D         E       F
            +---------+---------+-------+---------+---------+-------
      Total |     604 |       3 |   0.5 |      94 |       2 |   2.1
            +---------+---------+-------+---------+---------+-------
        D:1 |      37 |       3 |   7.5 |      20 |       2 |   9.1
        D:2 |      92 |       0 |   0.0 |      29 |       0 |   0.0
        D:3 |     223 |       0 |   0.0 |      26 |       0 |   0.0
        D:4 |     252 |       0 |   0.0 |      19 |       0 |   0.0
            +---------+---------+-------+---------+---------+-------
